cohdb
Replays
Latest Replays
All Replays
Popular Replays
Top Player Replays
Match Explorer
How It Works
Community
CoH3 Stats
Reddit
Sign in to upload your games and track your stats! →
Sign in with Steam
Match 43261138
Unlisted
Match 43261138
Overview
Messages
Build Orders
End
Construct Section Command Post
Dingo Light Scout Car
Selects Australian Defense Battlegroup
Selects Australian Light Infantry Section
Australian Light Infantry Section
Infantry Section
Infantry Section
Australian Light Infantry Section
Construct Platoon Command Post
Selects 2-pounder Anti-tank Gun Team
2-pounder Anti-tank Gun Team
Grenade Package
Humber Armored Car
Royal Engineer Section
Infantry Section
AI Takeover
Jonesy
36th Stephen Gregg
insane
iceman
0
0
Comments
sign in to comment!
No comments posted yet!